 Dungeon Crawl Stone Soup version 0.30-a0-174-gbc10bd73c2 (webtiles) character file.

Game seed: 14812407120491437221

1449 qw the Cleaver (level 8, -3/50 HPs)
             Began as a Gargoyle Fighter on Oct 1, 2022.
             Was a Follower of Okawaru.
             Slain by an orc warrior
             ... wielding a +0 battleaxe
              (14 damage)
             ... on level 7 of the Dungeon.
             The game lasted 00:01:55 (4961 turns).

qw the Cleaver (Gargoyle Fighter)                   Turns: 4961, Time: 00:01:55

Health: -3/50      AC: 13    Str: 21    XL:     8   Next: 75%
Magic:  4/9        EV:  9    Int: 10    God:    Okawaru [*.....]
Gold:   304        SH: 10    Dex:  9    Spells: 7/7 levels left

rFire   . . .      SeeInvis .    Y - +1 war axe
rCold   . . .      Faith    .    c - +0 buckler
rNeg    + . .      Spirit   .    g - +0 chain mail
rPois   inf        Reflect  +    (no helmet)
rElec   +          Harm     .    (no cloak)
rCorr   .          Rampage  .    j - +2 pair of gloves
Will    .....                    i - +0 pair of boots
Stlth   ..........               e - amulet of reflection
HPRegen 0.28/turn                (no ring)
MPRegen 0.11/turn                (no ring)

@: heroic, corroded
A: sickness immunity, AC +5, negative energy resistance 1, electricity
resistance, torment resistance 1, petrification resistance
a: Renounce Religion, Heroism


You were on level 7 of the Dungeon.
You worshipped Okawaru.
Okawaru was aware of your devotion.
You visited 2 branches of the dungeon, and saw 8 of its levels.

You collected 304 gold pieces.


Innate Abilities, Weirdness & Mutations

You are immune to sickness and miasma.
Your stone body is resilient. (AC +5)
You are immune to poison.
You resist negative energy. (rN+)
You are resistant to electric shocks. (rElec)
You are resistant to unholy torment.
You are immune to petrification.


   Skills:
 + Level 5.5(10.5) Fighting
 - Level 8.0(13.0) Axes
 - Level 2.4(7.4) Throwing
 - Level 4.1(9.1) Armour
 - Level 1.2(6.2) Dodging
 - Level 3.2(8.2) Shields
 + Level 1.4 Invocations


You had 7 spell levels left.
You didn't know any spells.
Your spell library was empty.

Inventory:

Hand Weapons
 n - a +0 morningstar
 Y - a +1 war axe (weapon)
Missiles
 o - 2 javelins (quivered)
Armour
 c - a +0 buckler (worn)
 g - a +0 chain mail (worn)
 i - a +0 pair of boots (worn)
 j - a +2 pair of gloves (worn)
Jewellery
 e - an amulet of reflection (around neck)
 f - a ring of fire
Scrolls
 a - 4 scrolls of identify
Potions
 d - a potion of might
 k - a potion of attraction
 l - 2 potions of lignification
 m - 2 potions of resistance
 r - a potion of haste

Dungeon Overview and Level Annotations

Branches:
Dungeon (7/15)             Temple (1/1) D:6

Altars:
Ashenzari
Cheibriados
Dithmenos
Elyvilon
Fedhas
Gozag
Hepliaklqana
Kikubaaqudgha
Makhleb
Nemelex Xobeh
Okawaru
Ru
Sif Muna
Trog
Uskayaw
Vehumet
Wu Jian
Xom
Yredelemnul
Zin
The Shining One


Message History

You feel much better. Something hits you but does no damage.
The orc barely misses you. You block the orc warrior's attack.
You block the orc's attack.
You barely miss the orc warrior.
The orc warrior is moderately wounded.
You barely miss something. You hit the orc but do no damage.
Something hits you but does no damage. You block the orc's attack.
You block the orc warrior's attack. You block the orc's attack.
You hit the orc warrior.
The orc warrior is heavily wounded.
You miss something. You closely miss the orc.
Your surroundings suddenly seem different.
You swing at nothing.
4953 ||| FLEEEEING.
The orc hits you but does no damage.
You hit the orc warrior but do no damage.
The orc warrior is moderately wounded.
You closely miss the orc warrior.
The orc warrior is moderately wounded.
The orc hits you but does no damage.
You hit the orc warrior but do no damage.
The orc warrior is moderately wounded.
The orc hits you but does no damage. You block the orc warrior's attack.
You hit the orc warrior.
The orc warrior is heavily wounded.
You feel like a meek peon again. You block the orc's attack.
The orc warrior hits you with a +0 battleaxe!
4959 ||| INVOKING Heroism.
You fail to use your ability.
The orc warrior barely misses you.
4960 ||| INVOKING Heroism.
You gain the combat prowess of a mighty hero.
The orc warrior hits you but does no damage.
You slash the orc warrior!
The orc warrior is severely wounded.
You hit the orc.
An orc wizard appears from thin air!
Reactivating autopickup.
The orc warrior hits you with a +0 battleaxe!
You die...

#########
#.......#........
#...$...#........
#.......#........
#..#.......#........
..#.......#.......
#.####..###.o..#
#######.####.@###{o..####
........)....oo.)).......
...............o.).......
...............o.........
.......>.................
#######.####..##.....##..
#####..###.####..########
# #...........#.....#
#...........#.....#


You could see an orc warrior, an orc wizard and 2 orcs.

Vanquished Creatures
  A sky beast (D:6)
  An orc warrior (D:7)
  2 ice beasts
  A black bear (D:6)
  2 centaurs
  A phantom (D:4)
  A kobold brigand (D:6)
  A bullfrog (D:6)
  2 howler monkeys (D:7)
  A hound (D:4)
  2 jellies
  A gnoll bouda (D:4)
  2 orc priests (D:3)
  3 iguanas
  An orc wizard (D:7)
  8 gnolls
  9 adders
  A shadow imp (D:4)
  A white imp (D:6)
  2 dart slugs (D:4)
  12 orcs
  6 ball pythons
  6 endoplasms
  2 giant cockroaches (D:2)
  4 goblins
  10 hobgoblins
  2 jackals (D:4)
  A quokka (D:5)
  2 bats
  2 frilled lizards
  12 kobolds
  10 rats
112 creatures vanquished.

Notes
Turn   | Place    | Note
-------+----------+-------------------------------------------
     0 | D:1      | qw the Gargoyle Fighter began the quest for the Orb.
     0 | D:1      | Reached XP level 1. HP: 14/14 MP: 1/1
     0 | D:1      | 0 ||| qw: Version: 0.2-a-13-gfc7b4b4
     0 | D:1      | 0 ||| qw: Game counter: 1908
     0 | D:1      | 0 ||| qw: Always use a shield: true
     0 | D:1      | 0 ||| qw: God list: Okawaru
     0 | D:1      | 0 ||| qw: Allow faded altars: false
     0 | D:1      | 0 ||| qw: Do Orc after D:15 true
     0 | D:1      | 0 ||| qw: Do second Lair branch before Depths: true
     0 | D:1      | 0 ||| qw: Lair rune preference: random
     0 | D:1      | 0 ||| qw: Plans: Normal, Zot:1-4, God:TSO, Crypt, Tomb,
                  | Pan, Slime:5, Hells, Abyss, Orb
     0 | D:1      | 0 ||| PLANNING D:1-11
    21 | D:1      | Reached skill level 2 in Axes
    43 | D:1      | Reached XP level 2. HP: 19/19 MP: 2/2
    68 | D:1      | 68 ||| Stepping ~*~*~tactically~*~*~ (stealth).
    71 | D:1      | 71 ||| Stepping ~*~*~tactically~*~*~ (stealth).
    83 | D:1      | 83 ||| Stepping ~*~*~tactically~*~*~ (stealth).
    84 | D:1      | 84 ||| Stepping ~*~*~tactically~*~*~ (stealth).
    85 | D:1      | 85 ||| Stepping ~*~*~tactically~*~*~ (stealth).
    86 | D:1      | 86 ||| Stepping ~*~*~tactically~*~*~ (stealth).
   340 | D:1      | 340 ||| Stepping ~*~*~tactically~*~*~ (stealth).
   350 | D:1      | Reached skill level 3 in Axes
   350 | D:1      | Reached XP level 3. HP: 12/23 MP: 3/3
   842 | D:1      | 842 ||| READING scroll labelled ERUULAM NIUHUO.
   845 | D:1      | 845 ||| READING scroll labelled NEYTHRE MUGI.
   846 | D:1      | 846 ||| READING scroll labelled ROOCSIZ YRAOSO.
   847 | D:1      | 847 ||| READING scroll labelled LAOSIHE SAPETT.
  1190 | D:2      | Found a faded altar of an unknown god.
  1347 | D:2      | Identified the +8 trident "Kigeludd" {antimagic, Str+4}
  1395 | D:2      | Reached XP level 4. HP: 27/28 MP: 4/4
  1820 | D:2      | 1820 ||| UPGRADING to amulet of reflection.
  1825 | D:2      | 1825 ||| READING 3 scrolls labelled QUVOCO YNIRAT.
  1826 | D:2      | 1826 ||| READING scroll labelled GOM GAYWYCSI NIB.
  1827 | D:2      | 1827 ||| READING scroll labelled JUUSHE HUOHORY.
  1828 | D:2      | 1828 ||| DRINKING 2 fizzy orange potions.
  1829 | D:2      | 1829 ||| READING 2 scrolls of identify.
  1829 | D:2      | 1829 ||| IDENTIFYING glowing amethyst potion
  1830 | D:2      | 1830 ||| DROPPING potion of brilliance.
  1963 | D:3      | Reached skill level 4 in Axes
  1975 | D:3      | 1975 ||| DROPPING +0 flail.
  1999 | D:3      | Found a shadowy altar of Dithmenos.
  2001 | D:3      | Found a broken altar of Ashenzari.
  2010 | D:3      | 2010 ||| Stepping ~*~*~tactically~*~*~ (stealth).
  2012 | D:3      | 2012 ||| Stepping ~*~*~tactically~*~*~ (hiding).
  2014 | D:3      | 2014 ||| Stepping ~*~*~tactically~*~*~ (hiding).
  2015 | D:3      | 2015 ||| Stepping ~*~*~tactically~*~*~ (hiding).
  2025 | D:3      | Reached XP level 5. HP: 32/32 MP: 5/5
  2028 | D:3      | Found a shimmering altar of Xom.
  2030 | D:3      | Found a white marble altar of Elyvilon.
  2031 | D:3      | Found a hazy altar of Hepliaklqana.
  2040 | D:3      | Found an ancient bone altar of Kikubaaqudgha.
  2041 | D:3      | Found a sacrificial altar of Ru.
  2156 | D:3      | 2156 ||| DROPPING +4 flail of holy wrath.
  2265 | D:3      | Found an opulent altar of Gozag.
  2687 | D:3      | 2687 ||| UPGRADING to +0 chain mail.
  2697 | D:3      | 2697 ||| DROPPING +0 scale mail.
  2698 | D:3      | 2698 ||| UPGRADING to +0 pair of boots.
  2703 | D:3      | 2703 ||| DROPPING +6 ring of intelligence.
  2704 | D:3      | 2704 ||| DRINKING 2 sapphire potions.
  2705 | D:3      | 2705 ||| DRINKING 4 bubbling brown potions.
  2706 | D:3      | 2706 ||| READING 2 scrolls of identify.
  2706 | D:3      | 2706 ||| IDENTIFYING bubbling yellow potion
  2707 | D:3      | 2707 ||| DROPPING potion of magic.
  2708 | D:3      | 2708 ||| DROPPING 3 potions of degeneration.
  2773 | D:4      | Reached skill level 1 in Throwing
  2836 | D:4      | 2836 ||| Stepping ~*~*~tactically~*~*~ (stealth).
  2850 | D:4      | Reached skill level 5 in Axes
  2859 | D:4      | 2859 ||| Stepping ~*~*~tactically~*~*~ (stealth).
  2861 | D:4      | 2861 ||| Stepping ~*~*~tactically~*~*~ (hiding).
  2865 | D:4      | Noticed a phantom
  2871 | D:4      | 2871 ||| Stepping ~*~*~tactically~*~*~ (stealth).
  2874 | D:4      | 2874 ||| Stepping ~*~*~tactically~*~*~ (stealth).
  2879 | D:4      | Killed a phantom
  2880 | D:4      | Reached XP level 6. HP: 39/39 MP: 6/6
  2884 | D:4      | 2884 ||| Stepping ~*~*~tactically~*~*~ (hiding).
  2885 | D:4      | 2885 ||| Stepping ~*~*~tactically~*~*~ (hiding).
  2887 | D:4      | 2887 ||| Stepping ~*~*~tactically~*~*~ (hiding).
  2914 | D:4      | 2914 ||| Stepping ~*~*~tactically~*~*~ (stealth).
  3162 | D:4      | 3162 ||| Stepping ~*~*~tactically~*~*~ (stealth).
  3295 | D:4      | 3295 ||| UPGRADING to +2 pair of gloves.
  3300 | D:4      | 3300 ||| DRINKING 2 puce potions.
  3401 | D:4      | 3401 ||| READING 7 scrolls of identify.
  3401 | D:4      | 3401 ||| IDENTIFYING brown potion
  3402 | D:4      | 3402 ||| READING 6 scrolls of identify.
  3402 | D:4      | 3402 ||| IDENTIFYING murky yellow potion
  3403 | D:4      | 3403 ||| DROPPING potion of ambrosia.
  3426 | D:5      | Entered Level 5 of the Dungeon
  3451 | D:5      | Reached XP level 7. HP: 34/44 MP: 7/7
  3655 | D:5      | Reached skill level 6 in Axes
  4209 | D:5      | 4209 ||| READING scroll labelled HOURUVVAIHE.
  4210 | D:5      | 4210 ||| READING 5 scrolls of identify.
  4210 | D:5      | 4210 ||| IDENTIFYING ruby potion
  4211 | D:5      | 4211 ||| READING 4 scrolls of identify.
  4211 | D:5      | 4211 ||| IDENTIFYING emerald potion
  4212 | D:5      | 4212 ||| DROPPING potion of berserk rage.
  4231 | D:6      | Reached skill level 1 in Dodging
  4258 | D:6      | 4258 ||| Stepping ~*~*~tactically~*~*~ (stealth).
  4286 | D:6      | Reached skill level 7 in Axes
  4332 | D:6      | Found a staircase to the Ecumenical Temple.
  4333 | D:6      | 4333 ||| PLANNING TEMPLE
  4333 | D:6      | 4333 ||| READING scroll labelled GAAFRIONWO.
  4342 | Temple   | Entered the Ecumenical Temple
  4352 | Temple   | 4352 ||| PLANNING OKAWARU WORSHIP
  4359 | Temple   | Became a worshipper of Warmaster Okawaru
  4360 | Temple   | 4360 ||| PLANNING D:1-11
  4521 | D:6      | Reached XP level 8. HP: 45/48 MP: 8/8
  4582 | D:6      | Found an ornate altar of the Wu Jian Council.
  4903 | D:7      | 4903 ||| Stepping ~*~*~tactically~*~*~ (hiding).
  4905 | D:7      | 4905 ||| Stepping ~*~*~tactically~*~*~ (hiding).
  4916 | D:7      | Reached * piety under Okawaru
  4917 | D:7      | 4917 ||| INVOKING Heroism.
  4923 | D:7      | Reached skill level 8 in Axes
  4933 | D:7      | 4933 ||| INVOKING Heroism.
  4939 | D:7      | Reached skill level 1 in Invocations
  4946 | D:7      | 4946 ||| INVOKING Heroism.
  4947 | D:7      | HP: 6/50 [something/puff of flame (8)]
  4948 | D:7      | 4948 ||| READING scroll of teleportation.
  4949 | D:7      | 4949 ||| DRINKING potion of heal wounds.
  4953 | D:7      | 4953 ||| FLEEEEING.
  4958 | D:7      | HP: 10/50 [orc warrior/+0 battleaxe (10)]
  4959 | D:7      | 4959 ||| INVOKING Heroism.
  4960 | D:7      | 4960 ||| INVOKING Heroism.
  4961 | D:7      | Slain by an orc warrior

Levels and vault maps discovered:
D:1:      arrival_zaba_pyramid, layout_basic
D:2:      layout_basic, ebering_ecumenical_altar_mist,
          kennysheep_generic_room_15
D:3:      layout_loops_cross, nicolae_gozag_cash_rules_everything_around_me,
          nicolae_overflow_hallway_of_the_gods
D:4:      layout_basic
D:5:      layout_loops_ring
D:6:      layout_basic, marbit_many_paths, lemuel_temple_firewalk_b
D:7:      layout_gridville, mainiacjoe_overflow_cross_hatched,
          minmay_shop_damaged, chequers_serial_rivers_small_3
Temple:   hellmonk_temple_two_chambers

Skill      XL: |  1  2  3  4  5  6  7  8 |
---------------+-------------------------+-----
Axes           | 2 3 4 5 7 8 |  8.0
Throwing       | 1 2 |  2.4
Fighting       | 4 5 |  5.5
Dodging        | 1 |  1.2
Armour         | 4 |  4.1
Invocations    | 1 |  1.4
Shields        | |  3.2

Action                   |  1- 3 |  4- 6 |  7- 9 || total
-------------------------+-------+-------+-------++-------
Melee: War axe           |    95 |   176 |   118 ||   389
Throw: Javelin           |       |    18 |    15 ||    33
Invok: Heroism           |       |       |     4 ||     4
  Use: Scroll            |     4 |     7 |     5 ||    16
       Potion            |       |     4 |     1 ||     5
Armor: Scale mail        |    43 |    19 |       ||    62
       Chain mail        |       |    44 |    87 ||   131
Dodge: Dodged            |    30 |    56 |    36 ||   122
Block: Buckler           |    22 |    72 |    66 ||   160
       Reflection        |       |       |     1 ||     1

Table legend:
 A = Non-vault XP
 B = Vault XP
 C = Vault XP percentage of total XP
 D = Non-vault monster count
 E = Vault monster count
 F = Vault count percentage of total count
                 A         B        C        D         E       F
            +---------+---------+-------+---------+---------+-------
      Total |    2028 |      42 |   2.0 |     109 |       3 |   2.7
            +---------+---------+-------+---------+---------+-------
        D:1 |      47 |       0 |   0.0 |      21 |       0 |   0.0
        D:2 |      47 |       3 |   6.0 |      17 |       2 |  10.5
        D:3 |     137 |       0 |   0.0 |      19 |       0 |   0.0
        D:4 |     358 |       0 |   0.0 |      23 |       0 |   0.0
        D:5 |     207 |       0 |   0.0 |       6 |       0 |   0.0
        D:6 |     786 |      39 |   4.7 |      13 |       1 |   7.1
        D:7 |     446 |       0 |   0.0 |      10 |       0 |   0.0
            +---------+---------+-------+---------+---------+-------
